 Dungeon Crawl Stone Soup version 0.26.1-11-gd32895ea62 (webtiles) character file.

Game seed: 15657910001956229034

32 worthlessgem the Magician (level 3, 0/24 HPs)
             Began as a Formicid Earth Elementalist on Sept 20, 2021.
             Slain by a worm (11 damage)
             ... on level 2 of the Dungeon.
             The game lasted 00:11:19 (1854 turns).

worthlessgem the Magician (FoEE)                    Turns: 1854, Time: 00:11:19

Health: 0/24       AC:  3    Str: 13    XL:     3   Next: 45%
Magic:  8/8        EV: 12    Int: 14    God:
Gold:   111        SH:  0    Dex: 11    Spells: 3/9 levels left

rFire    . . .     SeeInvis +   m - +0 falchion
rCold    . . .     Faith    .   (no shield)
rNeg     . . .     Spirit   .   c - +0 robe
rPois    .         Reflect  .   (helmet unavailable)
rElec    .         Harm     .   k - +0 cloak
rCorr    .         Rampage  .   (no gloves)
Will     .....                  (no boots)
Stlth    ++........             (no amulet)
HPRegen  0.08/turn              (no ring)
MPRegen  0.11/turn              (no ring)

@: no status effects
A: permanent stasis, dig shafts and tunnels, four strong arms, antennae 3
a: Dig, Shaft Self


You were on level 2 of the Dungeon.
You visited 1 branch of the dungeon, and saw 2 of its levels.

You collected 111 gold pieces.

Inventory:

Hand Weapons
 h - a +0 short sword
 m - a +0 falchion (weapon)
 w - a +0 hunting sling
Missiles
 b - 22 stones (quivered)
Armour
 c - a +0 robe (worn)
 k - a +0 cloak (worn)
Jewellery
 g - an uncursed amulet of magic regeneration {unknown}
Scrolls
 d - 2 scrolls of amnesia {unknown}
 e - a scroll of remove curse {unknown}
 f - a scroll of random uselessness {unknown}
 n - a scroll of identify {unknown}
Potions
 a - a potion of cancellation {unknown}
 i - 2 potions of flight {unknown}
 j - a potion of berserk rage {unknown}
 l - a potion of curing {unknown}


   Skills:
 - Level 1.7 Dodging
 - Level 2.4 Stealth
 + Level 3.7 Spellcasting
 - Level 1.1 Transmutations
 - Level 3.6 Earth Magic


You had 3 spell levels left.
You knew the following spells:

 Your Spells              Type           Power        Failure   Level
a - Sandblast             Erth           24%          4%          1
b - Passwall              Tmut/Erth      7%           12%         2
c - Stone Arrow           Conj/Erth      14%          28%         3

Your spell library contained the following spells:

 Spells                   Type           Power        Failure   Level
 Petrify                  Tmut/Erth      9%           58%         4
 Lee's Rapid Deconstruct  Erth           6%           77%         5


Dungeon Overview and Level Annotations

Branches:
Dungeon (2/15)

Altars:

Annotations:
D:2 exclusion: adder


Innate Abilities, Weirdness & Mutations

You cannot be hasted, slowed, berserked, paralysed or teleported.
You can dig through walls and to a lower floor.
Your four strong arms can wield two-handed weapons with a shield.
You have a pair of large antennae on your head. (SInv)


Message History

The worm is moderately wounded.
The worm bites you.
You hit the worm.
The worm is moderately wounded.
The worm bites you.
You hit the worm but do no damage.
The worm is lightly wounded.
You hit the worm.
The worm is heavily wounded.
The worm barely misses you.
You riposte.
You barely miss the worm.
The worm is heavily wounded.
You hit the worm.
The worm is severely wounded.
The worm bites you!
You are too injured to fight recklessly!
You are too injured to fight recklessly!
You barely miss the worm.
The worm is severely wounded.
The worm bites you!
You die...

#...# #.....# #.#
#.####.# #.....# #.#
#><....# #.....# #.#
######.# ####.##
##.#### #.# #.# #.#...#
##.## #.# ##.##.#
##...#######.# ####.#
#........##.####### #.#
#...........w@....###.#
#........########.....#
##...##### #######
#####


You could see a worm.

Vanquished Creatures
  An ooze (D:1)
  A dart slug (D:1)
  A giant cockroach (D:1)
  3 goblins
  4 hobgoblins (D:1)
  5 kobolds (D:1)
  A ball python (D:1)
  6 bats
  A frilled lizard (D:1)
  4 rats (D:1)
27 creatures vanquished.

Notes
Turn   | Place    | Note
-------+----------+-------------------------------------------
     0 | D:1      | worthlessgem the Formicid Earth Elementalist began the
                  | quest for the Orb.
     0 | D:1      | Reached XP level 1. HP: 13/13 MP: 3/3
   172 | D:1      | Reached XP level 2. HP: 19/19 MP: 2/5
   269 | D:1      | Learned a level 2 spell: Passwall
  1238 | D:1      | Reached XP level 3. HP: 23/24 MP: 7/7
  1818 | D:2      | Learned a level 3 spell: Stone Arrow
  1854 | D:2      | Slain by a worm

Illustrated notes

Levels and vault maps discovered:
D:1:      lemuel_arrival_hallway, layout_basic
D:2:      layout_loops_cross, minmay_pentomino_o2, uniq_jessica

Skill      XL: |  1  2 |
---------------+-------+-----
Spellcasting   | 3 |  3.7
Dodging        | |  1.7
Stealth        | |  2.4
Transmutations | |  1.1
Earth Magic    | |  3.6

Action                   || total
-------------------------++-------
Melee: Short sword       ||    38
       Unarmed           ||     2
       Falchion          ||    16
 Fire: Hunting sling     ||    20
Throw: Stone             ||     1
 Cast: Sandblast         ||    12
       Passwall          ||     3
 Abil: Dig               ||     1
 Stab: Sleeping          ||     1
Armor: Robe              ||    14
Dodge: Dodged            ||    38
       Rpst.: Falchion   ||     4
